Map: Submarine LE

Players

rotab

  • Race: Zerg Zerg
  • League: Grandmaster
  • Spawn Location: 11:00

DnS - Winner!

  • Race: Protoss Protoss
  • Spawn Location: 5:00

Event: DreamHack SC2 Masters 2020 Winter

VOD

Have the link to the VOD?

Description

Time

  • Played on: Oct. 16, 2020, 2:22 p.m.
  • Length: 12:34

All games in this series

Show
View Real Time Build Order
Export as new Build Order

rotab Zerg 

Build Orders: Hatch First, Swarm Host 

Get SALT Encoding   

  12  0:00  Drone  
  13  0:08  Drone  
  14  0:16  Overlord  
  14  0:23  Drone, Extractor  
  15  0:34  Drone  
  16  0:37  Drone  
  17  0:51  Hatchery  
  17  0:54  Drone  
  17  0:57  Drone  
  18  1:09  Extractor  
  17  1:11  Spawning Pool  
  17  1:15  Drone  
  17  1:18  Drone  
  18  1:26  Drone  
  19  1:37  Drone  
  20  1:50  Overlord  
  20  1:58  Queen  
  22  2:02  Queen  
  22  2:03  Zergling x4  
  26  2:13  Metabolic Boost  
  26  2:14  Drone x2  
  28  2:20  Drone  
  29  2:25  Drone  
  30  2:30  Drone  
  30  2:35  Drone  
  32  2:38  Hatchery  
  31  2:45  Queen  
  31  2:48  Drone  
  34  2:53  Zergling x2  
  34  2:54  Overlord  
  34  2:57  Drone  
  36  3:12  Overlord  
  36  3:13  Drone x4  
  40  3:21  Overlord  
  40  3:23  Drone  
  40  3:25  Queen  
  43  3:28  Overlord  
  43  3:29  Queen  
  43  3:33  Drone  
  46  3:41  Drone x2  
  47  3:45  Drone x2  
  47  3:47  Roach Warren  
  49  3:49  Drone x2  
  49  3:51  Drone, Extractor  
  51  3:55  Drone  
  51  4:00  Drone  
  51  4:01  Drone  
  51  4:02  Drone x2  
  56  4:09  Zergling x2  
  57  4:10  Evolution Chamber, Zergling x2  
  57  4:15  Spine Crawler  
  56  4:19  Zergling x8  
  59  4:28  Spore Crawler, Roach x4  
  66  4:32  Spore Crawler  
  66  4:34  Spore Crawler  
  66  4:36  Roach  
  66  4:42  Lair, Zergling x2  
  67  4:51  Zergling x4, Roach  
  71  4:53  Overlord  
  71  4:59  Overlord  
  71  5:00  Drone x2  
  71  5:04  Zerg Missile Weapons Level 1  
  73  5:08  Overlord  
  73  5:13  Overlord x2  
  73  5:15  Drone x2  
  73  5:17  Drone x2  
  77  5:24  Roach  
  77  5:25  Roach x2  
  83  5:30  Evolution Chamber  
  82  5:44  Lair, Roach Warren  
  82  5:47  Zergling x6  
  82  5:48  Zergling x2  
  82  5:49  Drone x3  
  88  5:55  Overlord  
  88  5:57  Drone x3  
  88  6:03  Overlord  
  87  6:04  Drone x2  
  87  6:10  Drone x3  
  88  6:23  Overlord  
  79  6:26  Roach x2  
  79  6:27  Roach x3  
  81  6:39  Drone  
  80  6:40  Drone x2  
  80  6:43  Glial Reconstitution  
  80  6:45  Drone x2  
  83  6:55  Zergling x2  
  83  6:57  Drone  
  83  6:58  Drone, Extractor  
  85  7:05  Infestation Pit  
  85  7:07  Drone  
  85  7:08  Drone x2, Extractor  
  87  7:12  Drone x3  
  87  7:14  Drone, Extractor  
  87  7:15  Drone x2  
  91  7:24  Drone  
  91  7:26  Extractor  
  91  7:27  Drone  
  91  7:28  Drone  
  93  7:35  Drone  
  94  7:38  Overlord  
  94  7:40  Drone  
  94  7:41  Drone x2, Overlord  
  94  7:43  Overlord  
  97  7:48  Drone x5  
  101  7:53  Overlord  
  101  7:54  Zerg Missile Weapons Level 2  
  101  7:56  Overlord  
  101  7:59  Drone x2  
  103  8:08  Swarm Host x6  
  103  8:11  Swarm Host  
  103  8:12  Swarm Host  
  124  8:19  Swarm Host  
  130  8:28  Drone  
  130  8:29  Swarm Host  
  130  8:32  Ravager x2  
  136  8:34  Swarm Host  
  136  8:38  Overlord x2  
  136  8:39  Overlord x2  
  136  8:40  Hatchery  
  138  8:46  Overlord  
  139  8:48  Ravager x3  
  139  8:50  Zergling x10  
  139  8:51  Zergling x2  
  147  9:01  Zergling x8  
  152  9:02  Ravager  
  152  9:03  Ravager x2  
  152  9:06  Zergling x16  
  158  9:10  Zergling x6  
  157  9:21  Zergling x2  
  157  9:22  Roach x2  
  141  9:27  Roach  
  141  9:28  Roach  
  141  9:29  Roach  
  132  9:32  Roach x3  
  138  9:39  Roach x4  
  138  9:40  Roach  
  138  9:44  Ravager  
  138  9:45  Roach  
  149  9:49  Roach, Ravager  
  152  9:57  Zergling x2, Roach  
  147  10:00  Ravager x5  
  147  10:03  Zergling x2, Roach  
  147  10:04  Zergling x8, Roach  
  160  10:08  Roach x2  
  164  10:19  Zergling x10  
  164  10:20  Zergling x2  
  169  10:29  Roach x6  
  171  10:50  Overseer  
  171  10:52  Roach x6  
  146  11:10  Hatchery  
  127  11:12  Hatchery  
  127  11:16  Spawning Pool  
  109  11:21  Hatchery  
Show
View Real Time Build Order
Export as new Build Order

DnS Protoss - Winner!

Build Orders: 1 Gate Expand, Mass Adepts 

Get SALT Encoding   

  12  0:00  Probe  
  13  0:12  Probe  
  14  0:18  Pylon  
  14  0:24  Probe (Chrono Boost)  
  15  0:36  Probe (Chrono Boost)  
  15  0:39  Gateway  
  16  0:45  Probe (Chrono Boost)  
  16  0:48  Assimilator  
  17  0:51  Probe  
  18  1:03  Probe  
  19  1:15  Probe  
  20  1:25  Nexus  
  20  1:35  Cybernetics Core  
  20  1:37  Probe  
  21  1:44  Assimilator  
  21  1:49  Probe  
  21  1:52  Pylon  
  22  2:01  Probe  
  23  2:08  Adept (Chrono Boost)  
  23  2:12  Warp Gate  
  23  2:13  Probe (Chrono Boost)  
  27  2:23  Probe (Chrono Boost)  
  27  2:28  Probe (Chrono Boost)  
  27  2:30  Stalker (Chrono Boost)  
  30  2:37  Twilight Council, Probe  
  31  2:44  Probe  
  31  2:49  Probe  
  33  2:55  Robotics Facility  
  33  2:56  Probe  
  34  3:01  Probe  
  35  3:08  Probe  
  35  3:09  Gateway  
  35  3:10  Adept  
  38  3:14  Probe  
  38  3:18  Resonating Glaives (Chrono Boost)  
  39  3:22  Probe  
  39  3:25  Gateway  
  40  3:30  Probe  
  40  3:32  Gateway  
  41  3:35  Pylon  
  41  3:41  Warp Prism (Chrono Boost)  
  41  3:48  Probe x2  
  45  3:53  Pylon  
  45  3:57  Assimilator  
  45  4:00  Adept  
  47  4:02  Pylon  
  47  4:04  Adept  
  49  4:12  Observer  
  49  4:15  Probe  
  52  4:17  Probe  
  52  4:25  Adept x4  
  52  4:28  Probe  
  52  4:29  Pylon  
  61  4:36  Pylon  
  62  4:40  Probe  
  62  4:46  Adept x2  
  62  4:47  Adept  
  62  4:48  Adept  
  70  4:57  Probe x2  
  72  5:06  Pylon  
  72  5:09  Probe x2  
  72  5:10  Adept x4  
  72  5:13  Pylon  
  82  5:18  Assimilator  
  82  5:21  Probe  
  83  5:29  Immortal  
  83  5:34  Probe  
  88  5:47  Sentry x3  
  94  5:51  Probe x2  
  96  6:04  Nexus  
  93  6:18  Probe x2  
  93  6:20  Immortal (Chrono Boost)  
  83  6:33  Probe  
  83  6:37  Probe  
  85  6:41  Forge  
  85  6:42  Sentry x2  
  85  6:44  Blink  
  85  6:45  Probe  
  88  6:49  Probe  
  88  6:50  Immortal (Chrono Boost)  
  88  6:52  Pylon  
  93  6:55  Robotics Bay  
  93  6:57  Gateway, Probe  
  93  6:59  Gateway  
  94  7:02  Probe  
  95  7:10  Probe  
  95  7:12  Shield Battery  
  95  7:14  Probe  
  97  7:17  Pylon  
  97  7:20  Probe  
  97  7:22  Probe  
  99  7:23  Assimilator  
  99  7:24  Assimilator  
  99  7:26  Probe  
  100  7:32  Probe  
  100  7:34  Probe  
  102  7:39  Colossus (Chrono Boost)  
  102  7:42  Extended Thermal Lance (Chrono Boost), Probe  
  109  7:44  Probe  
  109  7:47  Stalker x3  
  116  7:53  Gateway x2  
  116  7:57  Photon Cannon, Observer  
  116  7:58  Stalker, Pylon  
  118  7:59  Probe x2  
  118  8:00  Pylon  
  120  8:07  Protoss Ground Weapons Level 1 (Chrono Boost)  
  120  8:10  Stalker x3  
  126  8:14  Pylon  
  126  8:25  Colossus (Chrono Boost)  
  126  8:27  Stalker x3  
  138  8:45  Pylon  
  138  8:47  Stalker x3  
  138  8:48  Stalker x2  
  148  8:52  Charge, Pylon x2  
  148  8:58  Stalker x2  
  152  9:11  Stalker x4  
  154  9:30  Colossus (Chrono Boost)  
  150  9:42  Stalker x4  
  150  9:43  Stalker x4  
  166  10:00  Nexus  
  166  10:02  Pylon  
  166  10:10  Stalker  
  168  10:14  Stalker x2  
  168  10:15  Stalker x2  
  168  10:17  Sentry x2  
  180  10:22  Zealot  
  177  10:41  Stalker x2  
  177  10:42  Stalker  
  168  11:00  Photon Cannon  
  168  11:01  Photon Cannon  
  168  11:03  Pylon  
  153  11:04  Pylon  
  153  11:06  Pylon  
  150  11:24  Pylon  
  150  11:25  Pylon  
  140  11:26  Pylon  
  120  11:44  Nexus  
  119  11:54  Zealot x2  
  99  12:24  Zealot x2  
Tags
 
Add a new tag
Caveats
  • Supply blocks, unpowered buildings, or Contaminate may cause inaccurate times.
  • Supply counts are checked every 10 seconds.